 Dungeon Crawl Stone Soup version 0.30.1-11-g7821555f0a (webtiles) character file.

Game seed: 807595515173512801

571 lonewolfV2 the Trooper (level 7, -2/59 HPs)
             Began as a Formicid Fighter on Dec 6, 2023.
             Slain by a steam dragon (4 damage)
             ... on level 5 of the Dungeon.
             The game lasted 00:07:15 (3020 turns).

lonewolfV2 the Trooper (Formicid Fighter)           Turns: 3020, Time: 00:07:16

Health: -2/59      AC: 14    Str: 20    XL:     7   Next: 60%
Magic:  7/7        EV: 10    Int:  8    God:
Gold:   169        SH:  5    Dex: 15    Spells: 6/6 levels left

rFire   . . .        a - +1 war axe
rCold   . . .        c - +0 buckler
rNeg    + . .        m - +1 plate armour
rPois   .            (helmet unavailable)
rElec   .            q - +0 cloak
rCorr   .            (no gloves)
SInv    +            r - +0 pair of boots
Will    .....        (no amulet) Stlth
                     b - +5 ring of evasion
HPRegen 0.29/turn    p - ring of positive energy
MPRegen 0.10/turn

%: no passive effects
@: mighty
A: permanent stasis, dig shafts and tunnels, antennae 3, four strong arms
a: Dig, Shaft Self


You were on level 5 of the Dungeon.
You visited 1 branch of the dungeon, and saw 5 of its levels.

You collected 169 gold pieces.

Inventory:

Hand Weapons
 a - a +1 war axe (weapon)
Armour
 c - a +0 buckler (worn)
 m - a +1 plate armour (worn)
 q - a +0 cloak (worn)
 r - a +0 pair of boots (worn)
Jewellery
 b - a +5 ring of evasion (left hand)
 i - an amulet of magic regeneration
 n - a ring of wizardry
 p - a ring of positive energy (right hand)
Scrolls
 f - a scroll of fear
Potions
 d - a potion of might
 e - a potion of flight
 g - a potion of haste
 j - a potion of heal wounds {unknown}
 k - a potion of berserk rage
 l - a potion of resistance {unknown}


   Skills:
 + Level 6.3 Fighting
 + Level 6.1 Axes
 - Level 3.2 Armour
 - Level 4.0 Shields


You had 6 spell levels left.
You didn't know any spells.
Your spell library was empty.

Dungeon Overview and Level Annotations

Branches:
Dungeon (5/15)
 Temple: D:4-7

Altars:
Trog

Shops:
D:4 ?

Annotations:
D:4 1 runed translucent door, turdburglar's ghost, amateur KoEn


Innate Abilities, Weirdness & Mutations

You cannot be hasted, slowed, berserked, paralysed or teleported.
You can dig through walls and to a lower floor.
You have a pair of large antennae on your head. (SInv)
Your four strong arms can wield two-handed weapons with a shield.


Message History

The steam dragon is almost dead.
You hit the steam dragon.
You are engulfed in a cloud of scalding steam.
* * * LOW HITPOINT WARNING * * *
The steam dragon bites you but does no damage.
The steam dragon claws you.
* * * LOW HITPOINT WARNING * * *
The steam dragon bites you.
* * * LOW HITPOINT WARNING * * *
The steam dragon closely misses you.
You feel better. The steam dragon bites you.
* * * LOW HITPOINT WARNING * * *
You block the steam dragon's attack. The steam dragon bites you.
* * * LOW HITPOINT WARNING * * *
The steam dragon claws you but does no damage.
You feel very mighty all of a sudden. You block the steam dragon's attack.
The steam dragon claws you but does no damage.
The steam dragon bites you but does no damage.
The steam dragon claws you.
* * * LOW HITPOINT WARNING * * *
You slash the steam dragon!
You kill the steam dragon!
You hit the steam dragon but do no damage.
The steam dragon bites you.
* * * LOW HITPOINT WARNING * * *
The steam dragon claws you but does no damage.
Your Fighting skill increases to level 6!
Your Axes skill increases to level 6!
You hit the steam dragon but do no damage.
The steam dragon is lightly wounded.
The steam dragon bites you but does no damage.
You block the steam dragon's attack.
You hit the steam dragon.
The steam dragon is moderately wounded.
The steam dragon breathes steam at you. The ball of steam hits you!
* * * LOW HITPOINT WARNING * * *
The steam dragon bites you.
You die...

####..#.......#)#...####.###.....
# #.###........)........###.....
####.......#))..##.#####...#.#
#.........##..##### ##..##.. ##
#.........###.##~~.####..###..
.########...## ###....P##..######
P~PP~PP.#########PP...~~#...#.###
.........~P..~~ยง^.~....P#.......#
P~P~P...........@......P#.......#
.~~~#######PP~~.^D~...P###....#..
P^### #######.~^P~^##....##.. ###
##^.####...>.##. #####......###..
#.....#.....###. ####..###..## ##
#....#### #...##


You could see a steam dragon (catching breath).

Vanquished Creatures
  A steam dragon (D:5)
  A black bear (D:5)
  A scorpion (D:5)
  A hound (D:5)
  A jelly (D:4)
  An orc priest (D:5)
  2 sleepcaps (D:5)
  An orc wizard (D:5)
  4 adders
  A white imp (D:5)
  An ufetubus (D:4)
  4 worms
  4 orcs
  4 endoplasms
  4 giant cockroaches
  6 hobgoblins
  2 jackals (D:3)
  3 quokkas
  8 ball pythons
  5 bats
  3 frilled lizards
  4 goblins
  6 kobolds
  3 rats
71 creatures vanquished.

Notes
Turn   | Place    | Note
-------+----------+-------------------------------------------
     0 | D:1      | lonewolfV2 the Formicid Fighter began the quest for the
                  | Orb.
     0 | D:1      | Reached XP level 1. HP: 18/18 MP: 1/1
   186 | D:1      | Reached XP level 2. HP: 24/24 MP: 2/2
   664 | D:2      | Found a bloodstained altar of Trog.
   793 | D:2      | Reached XP level 3. HP: 28/30 MP: 3/3
  1700 | D:3      | Reached XP level 4. HP: 37/37 MP: 4/4
  2133 | D:4      | Found a runed translucent door.
  2134 | D:4      | Noticed turdburglar's ghost (amateur KoEn)
  2440 | D:4      | Reached XP level 5. HP: 42/42 MP: 5/5
  2454 | D:4      | Found Diobish's Magic Scroll Boutique.
  2707 | D:5      | Entered Level 5 of the Dungeon
  2771 | D:5      | Noticed a black bear
  2776 | D:5      | Killed a black bear
  2777 | D:5      | Reached skill level 5 in Fighting
  2777 | D:5      | Reached skill level 5 in Axes
  2777 | D:5      | Reached XP level 6. HP: 51/51 MP: 6/6
  2894 | D:5      | Reached XP level 7. HP: 42/57 MP: 7/7
  3006 | D:5      | Noticed a steam dragon
  3007 | D:5      | Noticed a steam dragon
  3018 | D:5      | Killed a steam dragon
  3020 | D:5      | HP: 2/59 [steam dragon/ball of steam (9)]
  3020 | D:5      | Slain by a steam dragon

Illustrated notes

Levels and vault maps discovered:
D:1:      dpeg_arrival_long_road, layout_rooms, serial_bayou_ford_a
D:2:      layout_basic, basic_altar
D:3:      layout_basic
D:4:      layout_cave_pools, ebering_ghost_inner_flame, kennysheep_windowed_goal
D:5:      kennysheep_steamy, layout_cave_pools, nicolae_ru_sacrificial_ziggurat,
          cheibrodos_sewer_entry_bend

Skill      XL: |  1  2  3  4  5  6  7 |
---------------+----------------------+-----
Axes           | 3 4 5 6 |  6.1
Fighting       | 4 5 6 |  6.3
Armour         | |  3.2
Shields        | |  4.0

Action                     |  1- 3 |  4- 6 |  7- 9 || total
---------------------------+-------+-------+-------++-------
  Melee: War axe           |    88 |    85 |    19 ||   192
    Use: Scroll            |    11 |     2 |       ||    13
         Potion            |       |       |     2 ||     2
 Armour: Scale mail        |    21 |       |       ||    21
         Plate armour      |    30 |    46 |    26 ||   102
  Dodge: Dodged            |    39 |    58 |    16 ||   113
  Block: Buckler           |    15 |    31 |     6 ||    52
